 Dungeon Crawl Stone Soup version 0.30-b1-2-g02819fbbbe (webtiles) character file.

Game seed: 11030173512318906638

124 Anothat the Twirler (level 5, 0/40 HPs)
             Began as a Gnoll Wanderer on May 10, 2023.
             Succumbed to a gnoll's poison
             ... on level 3 of the Dungeon.
             The game lasted 00:06:31 (1983 turns).

Anothat the Twirler (Gnoll Wanderer)                Turns: 1983, Time: 00:06:32

Health: 0/40       AC:  3    Str:  9 (10) XL:     5   Next: 8%
Magic:  2/9        EV: 12    Int: 13 (14) God:
Gold:   84         SH:  5    Dex: 11 (12) Spells: 9/10 levels left

rFire   + . .        s - +2 dagger (venom)
rCold   + . .        (no shield)
rNeg    . . .        c - +0 robe
rPois   +            j - +0 helmet
rElec   +            (no cloak)
rCorr   +            (no gloves)
SInv    .            (no boots)
Will    .....        i - amulet of reflection
Stlth   ++           (no ring)
HPRegen 0.26/turn    (no ring)
MPRegen 0.11/turn

%: reflection
@: lethally poisoned (0 -> -1), resistant
A: fangs 1, strong nose, distributed training
a: no special abilities


You were on level 3 of the Dungeon.
You visited 1 branch of the dungeon, and saw 3 of its levels.

You collected 84 gold pieces.

Inventory:

Hand Weapons
 a - a +3 quarterstaff
 f - a +0 hand axe
 s - a +2 dagger of venom (weapon)
Missiles
 p - 5 javelins
Armour
 c - a +0 robe (worn)
 j - a +0 helmet (worn)
 q - a +0 plate armour
 r - a +0 scale mail
Jewellery
 i - an amulet of reflection (around neck)
 o - a ring of wizardry
Scrolls
 b - a scroll of blinking {unknown}
 d - a scroll of magic mapping
 e - 2 scrolls of teleportation
 m - a scroll of fog {unknown}
 n - 4 scrolls of identify
Potions
 h - 2 potions of resistance
 k - a potion of degeneration


   Skills:
 + Level 2.9 Fighting
 + Level 1.4 Short Blades
 + Level 1.4 Long Blades
 + Level 1.4 Axes
 + Level 1.4 Maces & Flails
 + Level 1.4 Polearms
 + Level 6.6 Staves
 + Level 1.4 Ranged Weapons
 + Level 1.4 Throwing
 + Level 2.9 Armour
 + Level 1.4 Dodging
 + Level 1.4 Stealth
 + Level 1.4 Shields
 + Level 1.4 Unarmed Combat
 + Level 3.1 Spellcasting
 + Level 3.9 Conjurations
 + Level 1.1 Hexes
 + Level 1.1 Summonings
 + Level 1.1 Necromancy
 + Level 1.1 Translocations
 + Level 1.1 Transmutations
 + Level 1.1 Fire Magic
 + Level 1.1 Ice Magic
 + Level 1.1 Air Magic
 + Level 1.1 Earth Magic
 + Level 1.1 Poison Magic
 + Level 1.5 Invocations
 + Level 4.7 Evocations


You had 9 spell levels left.
You knew the following spells:

 Your Spells              Type           Power      Damage    Failure   Level
a - Shock                 Conj/Air       32%        1d5       9%          1

Your spell library contained the following spells:

 Spells                   Type           Power      Damage    Failure   Level
 Stone Arrow              Conj/Erth      16%        3d8       24%         3
 Swiftness                Air            4%         N/A       38%         3
 Airstrike                Air            2%         2d(1-17)  80%         4


Dungeon Overview and Level Annotations

Branches:
Dungeon (3/15)

Altars:
Dithmenos

Shops:
D:1 (

Annotations:
D:2 Robin


Innate Abilities, Weirdness & Mutations

You have very sharp teeth.
Your uncanny sense of smell can sniff out nearby items.
Your experience applies equally to all skills.


Message History

It was a potion of degeneration.
There was something very wrong with that liquid.
You feel weakened.
You feel dopey.
You feel clumsy.
* * * LOW HITPOINT WARNING * * *
You feel sick. You block the gnoll's attack.
It was a potion of heal wounds.
You feel much better.
You feel sick.
The gnoll hits you with a +2 spear of venom.
You hit the gnoll.
You kill the gnoll!
You feel sick.
You have reached level 5!
You hit the gnoll but do no damage.
The gnoll is poisoned.
You bite the gnoll, but do no damage.
The gnoll is moderately wounded.
You feel sick. The gnoll hits you with a +0 flail!
You closely miss the gnoll.
The gnoll is heavily wounded.
You feel sick. The gnoll barely misses you.
You closely miss the gnoll.
The gnoll is heavily wounded.
The gnoll hits you with a +0 flail.
* * * LOW HITPOINT WARNING * * *
The gnoll attacks as you move away! The gnoll barely misses you.
You feel sick.
Casting: Shock (safe; 9% risk of failure)
Confirm with . or Enter, or press ? or * to list all spells.
Aiming: Shock (safe; 9% risk of failure)
Press: ? - help, Shift-Dir - straight line, f/p - gnoll
Aim: a gnoll, wielding a +0 flail (heavily wounded, poisoned, 72% to hit)
The zap hits the gnoll.
The gnoll is severely wounded.
You feel sick. The gnoll hits you with a +0 flail!
* * * LOW HITPOINT WARNING * * *
Casting: Shock (safe; 9% risk of failure)
Confirm with . or Enter, or press ? or * to list all spells.
Aiming: Shock (safe; 9% risk of failure)
Press: ? - help, Shift-Dir - straight line, f/p - gnoll
Aim: a gnoll, wielding a +0 flail (severely wounded, poisoned, 72% to hit)
The zap hits the gnoll.
The gnoll is almost dead.
You die...

###########
#############..@g)..))#
............#.#######.#
########...........# #.#
.........#.......#.# #g#
####.....#.#.#.#.#.# #K#
##.#..#.#.#.#...#..).......
#.#..#.#.#.#####.#.#...###
#....#.#.#.. #.#.#...#
##...#...#... . #.# ..#


You could see a gnoll (poisoned).

Vanquished Creatures
  An orc priest (D:3)
  3 gnolls (D:3)
  2 orcs (D:3)
  A ball python (D:1)
  3 bats
  9 endoplasms
  4 giant cockroaches
  6 hobgoblins
  4 jackals (D:1)
  7 kobolds
  4 quokkas
  A frilled lizard (D:1)
  8 goblins
  2 rats
55 creatures vanquished.

Vanquished Creatures (others)
  A plant (D:3)
1 creature vanquished.

Grand Total: 56 creatures vanquished

Notes
Turn   | Place    | Note
-------+----------+-------------------------------------------
     0 | D:1      | Anothat the Gnoll Wanderer began the quest for the Orb.
     0 | D:1      | Anothat set off with the following items: a +3
                  | quarterstaff, a scroll of fear, a +0 robe; and the
                  | following spell memorised: Shock; and the following spells
                  | available to memorise: Stone Arrow.
     0 | D:1      | Reached XP level 1. HP: 17/17 MP: 4/4
    14 | D:1      | Found Veucapt's Antique Weapon Boutique.
    95 | D:1      | Reached XP level 2. HP: 23/23 MP: 3/5
   375 | D:1      | Reached XP level 3. HP: 28/28 MP: 7/7
   546 | D:1      | Reached skill level 1 in Invocations
  1073 | D:2      | Reached skill level 1 in Short Blades
  1073 | D:2      | Reached skill level 1 in Long Blades
  1073 | D:2      | Reached skill level 1 in Axes
  1073 | D:2      | Reached skill level 1 in Maces & Flails
  1073 | D:2      | Reached skill level 1 in Polearms
  1073 | D:2      | Reached skill level 1 in Ranged Weapons
  1073 | D:2      | Reached skill level 1 in Throwing
  1073 | D:2      | Reached skill level 1 in Dodging
  1073 | D:2      | Reached skill level 1 in Stealth
  1073 | D:2      | Reached skill level 1 in Shields
  1073 | D:2      | Reached skill level 1 in Unarmed Combat
  1203 | D:2      | Noticed Robin
  1627 | D:2      | Reached XP level 4. HP: 34/34 MP: 8/8
  1722 | D:3      | Reached skill level 1 in Hexes
  1722 | D:3      | Reached skill level 1 in Summonings
  1722 | D:3      | Reached skill level 1 in Necromancy
  1722 | D:3      | Reached skill level 1 in Translocations
  1722 | D:3      | Reached skill level 1 in Transmutations
  1722 | D:3      | Reached skill level 1 in Fire Magic
  1722 | D:3      | Reached skill level 1 in Ice Magic
  1722 | D:3      | Reached skill level 1 in Air Magic
  1722 | D:3      | Reached skill level 1 in Earth Magic
  1722 | D:3      | Reached skill level 1 in Poison Magic
  1788 | D:3      | Found a shadowy altar of Dithmenos.
  1978 | D:3      | Reached XP level 5. HP: 30/40 MP: 3/9
  1982 | D:3      | HP: 1/40 [gnoll/+0 flail (8)]
  1983 | D:3      | Succumbed to a gnoll's poison

Illustrated notes

Levels and vault maps discovered:
D:1:      dpeg_arrival_short_road, layout_rooms, serial_shops,
          nicolae_diamond_shop, skrybe_limestone_x
D:2:      layout_basic, hangedman_abyss_or_decor_lesser_grid, uniq_robin
D:3:      layout_basic, yredelemnul_forgotten_temple_becter,
          lemuel_coloured_pillars_altar, marbit_many_paths, kennysheep_boxes

Skill      XL: |  1  2  3  4 |
---------------+-------------+-----
Invocations    | 1 |  1.5
Short Blades   | 1 |  1.4
Long Blades    | 1 |  1.4
Axes           | 1 |  1.4
Maces & Flails | 1 |  1.4
Polearms       | 1 |  1.4
Ranged Weapons | 1 |  1.4
Throwing       | 1 |  1.4
Dodging        | 1 |  1.4
Stealth        | 1 |  1.4
Shields        | 1 |  1.4
Unarmed Combat | 1 |  1.4
Spellcasting   | 3 |  3.1
Hexes          | 1 |  1.1
Summonings     | 1 |  1.1
Necromancy     | 1 |  1.1
Translocations | 1 |  1.1
Transmutations | 1 |  1.1
Fire Magic     | 1 |  1.1
Ice Magic      | 1 |  1.1
Air Magic      | 1 |  1.1
Earth Magic    | 1 |  1.1
Poison Magic   | 1 |  1.1
Fighting       | |  2.9
Staves         | |  6.6
Armour         | |  2.9
Conjurations   | |  3.9
Evocations     | |  4.7

Action                     |  1- 3 |  4- 6 || total
---------------------------+-------+-------++-------
  Melee: Quarterstaff      |    47 |       ||    47
         Bite              |     3 |     7 ||    10
         Dagger            |     9 |    26 ||    35
   Cast: Shock             |    53 |    12 ||    65
    Use: Scroll            |     5 |       ||     5
         Potion            |     2 |     3 ||     5
   Stab: Sleeping          |     1 |     2 ||     3
 Armour: Robe              |    19 |     1 ||    20
  Dodge: Dodged            |    54 |    17 ||    71
  Block: Other             |     8 |     9 ||    17
